AoeStats
← KarlSheppy5860

Arena

504993300Analyzed
1v1 RM · 26d ago on Sep 7, 2026· 45m 39s· 2 players
Game mode
Random Map
Map size
Tiny (2 player)
Population
200
Speed
Normal
Resources
Standard
Victory
Conquest
Starting age
Dark Age
Ending age
Imperial Age
RankedLock teamsTeams togetherTeam positionsShared explorationLock speedFull tech treeHidden civsTurbo modeCheats
Victory
Defeat
🇬🇧 Persians · United Kingdom
426
+14
🇪🇸 Byzantines · Spain
383
-14
kcres76
12:46 Feudal Age
12:18 Loom
19:57 Castle Age
19:18 Double-Bit Axe
20:24 Stone Mining
23:38 Stone Shaft Mining
23:45 Fervor
24:01 Bow Saw
24:21 Gold Mining
27:49 Elite Skirmisher
28:35 Thumb Ring
29:48 Forging
29:45 Scale Barding Armor
29:40 Padded Archer Armor
29:52 Husbandry
32:54 Iron Casting
32:40 Chain Barding Armor
32:37 Leather Archer Armor
37:02 Imperial Age
37:11 Squires
36:32 Pikeman
36:58 Gambesons
37:56 Ballistics
37:17 Treadmill Crane
37:34 Murder Holes
38:24 Gold Shaft Mining
39:03 Wheelbarrow
39:07 Halberdier
40:46 Scale Mail Armor
41:22 Plate Barding Armor
41:18 Ring Archer Armor
40:38 Fletching
41:55 Hand Cart
41:24 Horse Collar
43:59 Conscription
KarlSheppy5860
11:56 Feudal Age
20:03 Castle Age
19:22 Horse Collar
19:31 Double-Bit Axe
19:40 Gold Mining
19:45 Stone Mining
20:55 Wheelbarrow
20:07 Town Watch
20:13 Loom
23:36 Gold Shaft Mining
24:41 Stone Shaft Mining
24:22 Bow Saw
28:34 Crossbowman
29:21 Thumb Ring
33:43 Imperial Age
31:29 Hand Cart
34:32 Kamandaran
35:25 Town Patrol
36:22 Elite War Elephant
38:14 Light Cavalry
39:02 Husbandry
39:14 Bloodlines
38:27 Cavalier
39:43 Hussar
41:30 Padded Archer Armor
41:26 Fletching
41:47 Forging
43:52 Heavy Cavalry Archer
45:01 Parthian Tactics
Connection lost

Rejoining the realm…

Still unreachable

The connection could not be restored.

Session expired

The server has moved on; the page needs a fresh start.